cohdb
Replays
Latest Replays
All Replays
Popular Replays
Top Player Replays
Match Explorer
How It Works
Community
CoH3 Stats
Reddit
Sign in to upload your games and track your stats! →
Sign in with Steam
Match 42111471
Unlisted
Match 42111471
Overview
Messages
Build Orders
End
Pioneer Squad
Construct Infanterie Kompanie
Selects Terror Battlegroup
Selects Machine Gun Camouflage
MG 42 Machine Gun Team
MG 42 Machine Gun Team
Grenadier Squad
Grenadier Squad
Construct Luftwaffe Kompanie
Selects Contempt for the Weak
Medical Bunker
Jäger Squad
Jäger Squad
Support Elements
Wirbelwind Flakpanzer
Luftwaffe Officer Quarters
Jäger Squad
Wirbelwind Flakpanzer
Selects No Quarter
Marder III M Tank Destroyer
Selects King Tiger Heavy Tank
King Tiger Heavy Tank
ildong
Nostalgi@
0
0
Comments
sign in to comment!
No comments posted yet!